 Dungeon Crawl Stone Soup version 0.30-a0-587-gfd7c166f36 (webtiles) character file.

Game seed: 12743983206258757617

16 Bnni the Vexing (level 2, -3/21 HPs)
             Began as a Formicid Hexslinger on Jan 4, 2023.
             Slain by a worm (10 damage)
             ... on level 2 of the Dungeon.
             The game lasted 00:01:12 (736 turns).

Bnni the Vexing (Formicid Hexslinger)                Turns: 736, Time: 00:01:12

Health: -3/21      AC:  2    Str: 14    XL:     2   Next: 75%
Magic:  3/3        EV: 12    Int: 12    God:
Gold:   67         SH:  0    Dex: 14    Spells: 2/3 levels left

rFire   . . .      SeeInvis +    a - +1 sling
rCold   . . .      Faith    .    (no shield)
rNeg    . . .      Spirit   .    c - +0 robe
rPois   .          Reflect  .    (helmet unavailable)
rElec   .          Harm     .    (no cloak)
rCorr   .          Rampage  .    (no gloves)
Will    .....                    (no boots)
Stlth   +                        (no amulet)
HPRegen 0.23/turn                (no ring)
MPRegen 0.08/turn                (no ring)

@: no status effects
A: permanent stasis, dig shafts and tunnels, antennae 3, four strong arms
a: Dig, Shaft Self


You were on level 2 of the Dungeon.
You visited 1 branch of the dungeon, and saw 2 of its levels.

You collected 67 gold pieces.

Inventory:

Hand Weapons
 a - a +1 sling (weapon)
Armour
 c - a +0 robe (worn)
Jewellery
 f - a +5 ring of evasion
Scrolls
 b - a scroll of poison
 d - a scroll of summoning {unknown}
 h - a scroll of identify {unknown}
Potions
 e - a potion of magic {unknown}
 g - a potion of mutation {unknown}


   Skills:
 + Level 1.4 Fighting
 * Level 2.4 Ranged Weapons
 - Level 1.7 Dodging
 + Level 1.2 Spellcasting
 * Level 3.8 Hexes
 * Level 0.8 Fire Magic


You had 2 spell levels left.
You knew the following spells:

 Your Spells              Type           Power      Damage    Failure   Level
a - Slow                  Hex            40%        N/A       6%          1

Your spell library contained the following spells:

 Spells                   Type           Power      Damage    Failure   Level
 Sublimation of Blood     Necr           0%         N/A       41%         2
 Wereblood                Tmut           0%         N/A       41%         2
 Inner Flame              Hex/Fire       6%         N/A       32%         3
 Portal Projectile        Hex/Tloc       10%        N/A       36%         3
 Cause Fear               Hex            5%         N/A       52%         4
 Summon Hydra             Summ           0%         N/A       100%        7


Dungeon Overview and Level Annotations

Branches:
Dungeon (2/15)

Altars:

Shops:
D:1 :


Innate Abilities, Weirdness & Mutations

You cannot be hasted, slowed, berserked, paralysed or teleported.
You can dig through walls and to a lower floor.
You have a pair of large antennae on your head. (SInv)
Your four strong arms can wield two-handed weapons with a shield.


Message History

Fire: a) +1 sling
Press: ? - help, Shift-Dir - straight line, f/p - worm
Aim: a worm (heavily wounded, slow, 77% to hit)
You shoot a sling bullet. The sling bullet hits the worm.
The worm is severely wounded.
Fire: a) +1 sling
Press: ? - help, Shift-Dir - straight line, f/p - worm
Aim: a worm (heavily wounded, slow, 77% to hit)
You shoot a sling bullet.
The sling bullet barely misses the worm.
Fire: a) +1 sling
Press: ? - help, Shift-Dir - straight line, f/p - worm
Aim: a worm (heavily wounded, slow, 77% to hit)
You shoot a sling bullet.
The sling bullet barely misses the worm.
The worm is no longer moving slowly.
Fire: a) +1 sling
Press: ? - help, Shift-Dir - straight line, f/p - worm
Aim: a worm (heavily wounded, 77% to hit)
You shoot a sling bullet. The sling bullet hits the worm.
The worm is severely wounded.
The worm misses you.
Fire: a) +1 sling
Press: ? - help, Shift-Dir - straight line, f/p - worm
Aim: a worm (heavily wounded, 77% to hit)
You shoot a sling bullet. The sling bullet hits the worm.
The worm is severely wounded.
Fire: a) +1 sling
Press: ? - help, Shift-Dir - straight line, f/p - worm
Aim: a worm (severely wounded, 77% to hit)
You shoot a sling bullet. The sling bullet hits the worm.
The worm is almost dead.
The worm bites you!
Fire: a) +1 sling
Press: ? - help, Shift-Dir - straight line, f/p - worm
Aim: a worm (severely wounded, 77% to hit)
You shoot a sling bullet.
The sling bullet barely misses the worm.
The worm bites you!
You die...

. #####.#.#.#
#.#.#.#
#.#...##########
#...............
#######.†###..######
........####..#
#####.#.#.....#
#.#w#.###.# .
#@......# ##
#...##### #####


You could see a worm.

Vanquished Creatures
  A giant cockroach (D:1)
  A goblin (D:1)
  2 hobgoblins
  A quokka (D:1)
  5 ball pythons
  3 bats (D:1)
  A frilled lizard (D:2)
  A kobold (D:1)
  2 rats (D:1)
17 creatures vanquished.

Notes
Turn   | Place    | Note
-------+----------+-------------------------------------------
     0 | D:1      | Bnni the Formicid Hexslinger began the quest for the Orb.
     0 | D:1      | Reached XP level 1. HP: 15/15 MP: 2/2
   194 | D:1      | Reached XP level 2. HP: 15/21 MP: 3/3
   462 | D:1      | Found Yhomp's Vocational Training.
   736 | D:2      | Slain by a worm

Illustrated notes

Levels and vault maps discovered:
D:1:      wander_arrival_estate, layout_loops_ring, minmay_parallelograms,
          nicolae_shop_vocational
D:2:      layout_basic

Action                   || total
-------------------------++-------
 Fire: Sling             ||    76
 Cast: Slow              ||     2
Armor: Robe              ||     1
Dodge: Dodged            ||    19

Table legend: (Time is in decaauts)
 A = Elapsed time spent in this place.
 B = Non-inter-level travel time spent in this place.
 C = Inter-level travel time spent in this place.
 D = Time resting spent in this place.
 E = Time spent auto-exploring this place.
 F = Levels seen in this place.
 G = Mean time per level.
                   A        B        C        D        E       F      G
               +--------+--------+--------+--------+--------+-----+--------+
         Total |    757 |    737 |     20 |      0 |    578 |   2 |  378.5 |
       Dungeon |    757 |    737 |     20 |      0 |    578 |   2 |  378.5 |
               +--------+--------+--------+--------+--------+-----+--------+

Top non-repeatable levels by time:
     D:1: 673 daAuts
     D:2: 83 daAuts
